 Dungeon Crawl Stone Soup version 0.23.0 (webtiles) character file.

Game seed: 11659182186559526607

898 xileck the Chopper (level 8, -13/70 HPs)
             Began as a Hill Orc Fighter on Feb 11, 2019.
             Was an Initiate of Beogh.
             Mangled by Menkaure (16 damage)
             ... on level 4 of the Dungeon.
             The game lasted 00:32:23 (3935 turns).

xileck the Chopper (Hill Orc Fighter)               Turns: 3935, Time: 00:32:24

Health: -13/70     AC: 10    Str: 21    XL:     8   Next: 7%
Magic:  8/8        EV:  7    Int:  8    God:    Beogh [......]
Gold:   99         SH: 10    Dex: 10    Spells: 7/7 levels left

rFire    . . .     SeeInvis .   a - +0 war axe
rCold    . . .     Gourm    .   c - +0 shield
rNeg     . . .     Faith    .   b - +0 scale mail
rPois    .         Spirit   .   (helmet restricted)
rElec    .         Reflect  .   (no cloak)
rCorr    .         Harm     .   e - +0 pair of gloves
MR       .....     Clarity  +   (no boots)
Stlth    +.........             o - amulet of the acrobat
HPRegen  0.21/turn              p - ring of stealth
MPRegen  0.11/turn              (no ring)

@: no status effects
A: horns 1, molten scales 1, clarity
a: Renounce Religion


You were on level 4 of the Dungeon.
You worshipped Beogh.
Beogh was noncommittal.
You were not hungry.

You visited 1 branch of the dungeon, and saw 4 of its levels.

You collected 99 gold pieces.

Inventory:

Hand Weapons
 a - a +0 war axe (weapon)
 d - a +0 scythe
Missiles
 r - 151 stones (quivered)
 t - 3 large rocks
Armour
 b - a +0 scale mail (worn)
 c - a +0 shield (worn)
 e - a +0 pair of gloves (worn)
Jewellery
 o - an amulet of the acrobat (around neck)
 p - a ring of stealth (left hand)
Scrolls
 g - 3 scrolls of remove curse {unknown}
 h - a scroll of noise {unknown}
 j - 3 scrolls of teleportation {unknown}
 k - 3 scrolls of identify
 m - a scroll of fog {unknown}
 n - a scroll of fear {unknown}
 q - a scroll of blinking {unknown}
Potions
 i - a potion of ambrosia
 l - 2 potions of haste {unknown}
 s - 2 potions of might
Comestibles
 f - 6 rations


   Skills:
 + Level 6.0 Fighting
 * Level 7.6 Axes
 + Level 5.5 Armour
 + Level 5.4 Shields


You had 7 spell levels left.
You didn't know any spells.
Your spell library was empty.

Dungeon Overview and Level Annotations

Branches:
Dungeon (4/15)
 Temple: D:4-7

Altars:
Kikubaaqudgha
Qazlal
Uskayaw

Annotations:
D:4 Menkaure


Innate Abilities, Weirdness & Mutations

You have a pair of small horns on your head.
You are partially covered in molten scales. (AC +2)
You possess an exceptional clarity of mind.


Message History

Press: ? - help, v - describe, . - travel The floor.
Found a stone staircase leading down.
Menkaure gestures wildly while chanting.
Menkaure seems to speed up.
You hit Menkaure but do no damage. You headbutt Menkaure.
Menkaure is lightly damaged.
Menkaure calls on the powers of darkness!
Your body is wracked with pain!
* * * LOW HITPOINT WARNING * * *
Menkaure hits you!
* * * LOW HITPOINT WARNING * * *
You are too injured to fight recklessly!
You are too injured to fight recklessly!
You slash Menkaure!
Menkaure points at you and mumbles some strange words.
Pain shoots through your body!
* * * LOW HITPOINT WARNING * * *
You closely miss Menkaure. Menkaure hits you!
You die...

#.......# ....
#.......# . ...
##......# .. ..#
#...###.## .##..
#...##....
....###.......#.
...... ##.
#...##..M.........
......
....##..##...#####>..#
....# .......@##..##
..# ....#.#
#.......M..########..#
.......#
....#......#.##.#...#
.# ....# ...
#####...........#
###....#..#
#...........#
##.#...#...
#...........#
##........#
#............##
...........
#....##.........##
...........
#..#.............#


You could see Menkaure.

Vanquished Creatures
  Sigmund (D:2)
  A phantom (D:4)
  The ghost of ProzacElf the Poker, an amateur MfGl (D:3)
  2 scorpions
  A howler monkey (D:4)
  A crimson imp (D:2)
  An orc priest (D:4)
  3 orc wizards (D:4)
  An iguana (D:4)
  2 worker ants (D:4)
  4 gnolls (D:3)
  5 adders
  An ooze (D:3)
  3 worms
  4 dart slugs
  4 leopard geckos
  9 orcs
  7 bats
  2 giant cockroaches
  7 goblins
  3 hobgoblins
  9 jackals
  3 quokkas
  2 ball pythons (D:3)
  2 frilled lizards (D:2)
  10 kobolds
  11 rats
100 creatures vanquished.

Vanquished Creatures (others)
  An orc priest (D:4)
  An orc (D:4)
2 creatures vanquished.

Grand Total: 102 creatures vanquished

Notes
Turn   | Place    | Note
-------+----------+-------------------------------------------
     0 | D:1      | xileck the Hill Orc Fighter began the quest for the Orb.
     0 | D:1      | Reached XP level 1. HP: 19/19 MP: 1/1
   153 | D:1      | Reached XP level 2. HP: 22/27 MP: 2/2
   435 | D:1      | Reached skill level 3 in Axes
   924 | D:2      | Reached XP level 3. HP: 31/33 MP: 3/3
  1513 | D:2      | Reached XP level 4. HP: 40/40 MP: 4/4
  1517 | D:2      | Noticed Sigmund
  1549 | D:2      | Gained mutation: You possess an exceptional clarity of
                  | mind. [potion of mutation]
  1549 | D:2      | Gained mutation: You are partially covered in molten
                  | scales. (AC +2) [potion of mutation]
  1549 | D:2      | Gained mutation: You have a pair of small horns on your
                  | head. [potion of mutation]
  1559 | D:2      | Killed Sigmund
  1559 | D:2      | Reached skill level 5 in Axes
  1559 | D:2      | Reached XP level 5. HP: 19/47 MP: 5/5
  1559 | D:2      | Reached XP level 6. HP: 22/55 MP: 6/6
  1901 | D:2      | Reached skill level 5 in Fighting
  1996 | D:2      | Found a stormy altar of Qazlal.
  2002 | D:2      | Became a worshipper of Qazlal Stormbringer
  2316 | D:3      | Found a runed translucent gate.
  2316 | D:3      | Found a runed translucent gate.
  2316 | D:3      | Found a runed translucent gate.
  2317 | D:3      | Noticed ProzacElf's ghost (amateur MfGl)
  2396 | D:3      | Reached * piety under Qazlal
  2505 | D:3      | Reached skill level 6 in Axes
  2571 | D:3      | Found a hide-covered altar of Uskayaw.
  2571 | D:3      | Found an ancient bone altar of Kikubaaqudgha.
  3101 | D:3      | Killed ProzacElf's ghost
  3101 | D:3      | Reached skill level 5 in Armour
  3101 | D:3      | Reached XP level 7. HP: 34/61 MP: 7/7
  3249 | D:4      | Fell from the grace of Qazlal
  3249 | D:4      | Became a worshipper of Beogh the Brigand
  3350 | D:4      | Reached skill level 5 in Shields
  3397 | D:4      | Reached skill level 7 in Axes
  3544 | D:4      | Reached XP level 8. HP: 18/70 MP: 8/8
  3911 | D:4      | Noticed Menkaure
  3934 | D:4      | HP: 3/70 [Menkaure/nerve-wracking pain (2)]
  3935 | D:4      | Mangled by Menkaure

Skill      XL: |  1  2  3  4  5  6  7  8 |
---------------+-------------------------+-----
Fighting       | 4 5 6 |  6.0
Axes           | 3 5 6 7 |  7.6
Armour         | 4 5 |  5.5
Shields        | 4 5 |  5.4

Action                   |  1- 3 |  4- 6 |  7- 9 || total
-------------------------+-------+-------+-------++-------
Melee: War axe           |   140 |   155 |    84 ||   379
       Headbutt          |       |    23 |    19 ||    42
Throw: Stone             |       |     2 |       ||     2
Invok: Convert to Beogh  |       |       |     1 ||     1
  Use: Potion            |       |     6 |     3 ||     9
       Scroll            |       |       |     2 ||     2
 Stab: Invisible         |       |     1 |       ||     1
  Eat: Chunk             |     1 |     2 |       ||     3
       Ration            |     1 |       |     2 ||     3
Armor: Scale mail        |    54 |    48 |    34 ||   136
       Skin              |       |     4 |       ||     4
Dodge: Dodged            |    58 |    54 |    33 ||   145
Block: Shield            |    81 |    86 |    51 ||   218
